 Dungeon Sprint DCSS version 0.26-a0-1101-g8f9f7f7418 (webtiles) character file.

Game seed: 17280041155785766415

9400000 Adamkad1 the Axe Maniac (level 27, -8/292 HPs)
             Began as a Palentonga Gladiator on Dec 15, 2020.
             Was the Champion of Makhleb.
             Killed from afar by a dread (24 damage)
             ... with damnation
             ... in the Dungeon (Sprint VIII: "Arena of Blood").
             The game lasted 00:03:42 (94 turns).

Adamkad1 the Axe Maniac (Palentonga Gladiator)        Turns: 94, Time: 00:03:43

Health: -8/292     AC: 17    Str: 19    XL:     27
Magic:  37/54      EV: 33    Int: 10    God:    Makhleb [******]
Gold:   0          SH:  0    Dex: 22    Spells: 80/80 levels left

rFire    . . .     SeeInvis +   k - +∞ Axe of Woe
rCold    . . .     Faith    .   (shield currently unavailable)
rNeg     . . .     Spirit   .   b - +0 leather armour
rPois    .         Reflect  .   c - +0 helmet
rElec    .         Harm     .   (no cloak)
rCorr    .         Rampage  .   (no gloves)
Will     ++...     NoTele   +   (no barding)
Stlth    ++++++++++             (no amulet)
HPRegen  0.58/turn              (no ring)
MPRegen  0.34/turn              (no ring)

@: curled up
A: large, rugged brown scales 3, see invisible, deformed body, roll 1, armoured
tail, reflexive curl
a: Rolling Charge, Minor Destruction, Lesser Servant of Makhleb, Major
Destruction, Greater Servant of Makhleb, Renounce Religion


You were in the Dungeon.
You worshipped Makhleb.
Makhleb was exalted by your worship.
You visited 1 branch

Inventory:

Hand Weapons
 a - a +0 war axe
 k - the +∞ Axe of Woe (weapon)
   (You found it in the Dungeon)
Missiles
 d - 3 throwing nets (quivered)
Armour
 b - a +0 leather armour (worn)
 c - a +0 helmet (worn)
Scrolls
 j - a scroll of blinking
Potions
 e - a potion of curing
 f - a potion of heal wounds
 g - a potion of haste
 h - 2 potions of magic
 i - a potion of berserk rage


   Skills:
 O Level 27 Fighting
 O Level 27 Short Blades
 O Level 27 Long Blades
 O Level 27 Axes
 O Level 27 Maces & Flails
 O Level 27 Polearms
 O Level 27 Staves
 O Level 27 Slings
 O Level 27 Bows
 O Level 27 Crossbows
 O Level 27 Throwing
 O Level 27 Armour
 O Level 27 Dodging
 O Level 27 Stealth
 O Level 27 Shields
 O Level 27 Unarmed Combat
 O Level 27 Spellcasting
 O Level 27 Conjurations
 O Level 27 Hexes
 O Level 27 Summonings
 O Level 27 Necromancy
 O Level 27 Translocations
 O Level 27 Transmutations
 O Level 27 Fire Magic
 O Level 27 Ice Magic
 O Level 27 Air Magic
 O Level 27 Earth Magic
 O Level 27 Poison Magic
 O Level 27 Invocations
 O Level 27 Evocations


You had 80 spell levels left.
You didn't know any spells.
Your spell library was empty.

Dungeon Overview and Level Annotations

Branches:
Dungeon (1/1)

Altars:
Makhleb


Innate Abilities, Weirdness & Mutations

You are completely covered in rugged brown scales. (AC +3, +7% HP)
You have supernaturally acute eyesight. (SInv)
Armour fits poorly on your strangely shaped body.
You can roll at nearby foes to attack.
You have a long armoured tail.
You curl defensively after being hit.


Message History

You slice the bag of meat like a ripe choko!!!
You slaughter the bag of meat joyfully.
You kill the bag of meat!
Makhleb accepts your kill.
You slash the meat berserker!
You hew the meat berserker savagely.
You kill the meat berserker!
Makhleb accepts your kill.
You feel better.
A sculptor of flesh comes into view. It is wielding a +9 great sword.
You hear a shout! x11
The destroyer blinks!
An observer comes into view.
You hear a shout!
The meat berserker hits you with a +9 battleaxe!!!
* * * LOW HITPOINT WARNING * * *
The observer gazes at you. Something smites you!
* * * LOW HITPOINT WARNING * * *
The sphere of damnation explodes!
The damnation engulfs you!!
You die...

...W.o ....G... .o.o...
...D..... #..o.Vo #Oz.....#
...#oOo. #.......# o
#.....§###.......###.
........V......###......
....o.#..oO...._......
....#.O..o@)#.....#... .
###...G...○).#_)<._#..
..##....#...)○..#.)...#...
#........#°.○..))._..o.....§..
.#................###.........#
..........G..###.)D..z.###...z.
............)).#))G...)#.O.....
.......)))).)..#))...).#.......
......#..))))))..).)).z)x......


You could see 2 eight-headed meat hydras, 2 destroyers, 4 observers, a sculptor
of flesh, a dread, 4 meat berserkers and 9 bags of meat.

Vanquished Creatures
  5 hell beasts (D)
  3 royal mummies (D)
  3 wraiths (D)
  12 vampire knights (D)
  32 ogres (D)
  9 two-headed ogres (D)
  7 liches (D)
  65 orcs (D)
  3 phantoms (D)
  12 skeletal warriors (D)
  4 large abominations (D)
  9 small abominations (D)
  20 crawling corpses (D)
184 creatures vanquished.

Vanquished Creatures (others)
  A small abomination (D)
  3 crawling corpses (D)
4 creatures vanquished.

Grand Total: 188 creatures vanquished

Notes
Turn   | Place    | Note
-------+----------+-------------------------------------------
     0 | D        | Found the +∞ Axe of Woe
     0 | D        | Adamkad1 the Palentonga Gladiator began the quest for the
                  | Orb.
     0 | D        | Reached XP level 1. HP: 18/18 MP: 1/1
     1 | D        | Noticed a bag of meat
     2 | D        | Noticed a bag of meat
     2 | D        | Noticed a meat berserker
     3 | D        | Became a worshipper of Makhleb the Destroyer
     5 | D        | Noticed a bag of meat
     7 | D        | Noticed a meat berserker
     8 | D        | Killed a meat berserker
     9 | D        | Reached XP level 2. HP: 53/53 MP: 2/2
     9 | D        | Reached XP level 3. HP: 60/60 MP: 3/3
     9 | D        | Reached XP level 4. HP: 68/68 MP: 4/4
     9 | D        | Reached XP level 5. HP: 77/77 MP: 5/5
     9 | D        | Reached XP level 6. HP: 85/85 MP: 6/6
     9 | D        | Gained mutation: You curl defensively after being hit.
                  | [Palentonga growth]
     9 | D        | Reached XP level 7. HP: 92/92 MP: 7/7
     9 | D        | Reached XP level 8. HP: 100/100 MP: 8/8
     9 | D        | Reached XP level 9. HP: 108/108 MP: 9/9
     9 | D        | Reached XP level 10. HP: 117/117 MP: 10/10
     9 | D        | Reached XP level 11. HP: 124/124 MP: 11/11
     9 | D        | Reached XP level 12. HP: 132/132 MP: 12/12
     9 | D        | Reached XP level 13. HP: 139/139 MP: 13/13
     9 | D        | Noticed a bag of meat
     9 | D        | Noticed a meat berserker
     9 | D        | Killed a bag of meat
     9 | D        | Reached * piety under Makhleb
     9 | D        | Killed a bag of meat
     9 | D        | Noticed a bag of meat
     9 | D        | Noticed a bag of meat
    10 | D        | Reached skill level 15 in Throwing
    10 | D        | Reached XP level 14. HP: 154/154 MP: 14/14
    10 | D        | Killed a meat berserker
    11 | D        | Reached XP level 15. HP: 166/166 MP: 15/15
    11 | D        | Reached ** piety under Makhleb
    11 | D        | Noticed a meat berserker
    11 | D        | Noticed a large bag of meat
    13 | D        | Killed a meat berserker
    13 | D        | Killed a meat berserker
    13 | D        | Reached *** piety under Makhleb
    14 | D        | Reached skill level 27 in Axes
    14 | D        | Reached XP level 16. HP: 190/190 MP: 16/16
    14 | D        | Reached XP level 17. HP: 197/197 MP: 17/17
    16 | D        | Reached **** piety under Makhleb
    16 | D        | Noticed a meat berserker
    17 | D        | Reached skill level 27 in Fighting
    17 | D        | Noticed a meat berserker
    17 | D        | Noticed a meat berserker
    18 | D        | Reached XP level 18. HP: 214/214 MP: 18/18
    18 | D        | Killed a large bag of meat
    18 | D        | Noticed a destroyer
    18 | D        | Noticed a meat berserker
    19 | D        | Reached skill level 27 in Dodging
    19 | D        | Killed a meat berserker
    19 | D        | Reached ***** piety under Makhleb
    19 | D        | Noticed a large bag of meat
    20 | D        | Reached skill level 27 in Throwing
    20 | D        | Reached skill level 5 in Polearms
    20 | D        | Reached skill level 5 in Bows
    20 | D        | Reached skill level 5 in Crossbows
    20 | D        | Reached skill level 5 in Armour
    20 | D        | Reached skill level 5 in Shields
    20 | D        | Reached skill level 5 in Spellcasting
    20 | D        | Reached skill level 5 in Conjurations
    20 | D        | Reached skill level 5 in Summonings
    20 | D        | Reached XP level 19. HP: 206/221 MP: 18/27
    20 | D        | Noticed a destroyer
    20 | D        | Noticed a meat berserker
    21 | D        | Reached skill level 5 in Slings
    21 | D        | Reached skill level 1 in Stealth
    21 | D        | Reached skill level 1 in Air Magic
    21 | D        | Killed a meat berserker
    21 | D        | Killed a meat berserker
    22 | D        | Reached skill level 10 in Long Blades
    22 | D        | Reached skill level 10 in Maces & Flails
    22 | D        | Reached skill level 10 in Staves
    22 | D        | Reached skill level 5 in Stealth
    22 | D        | Reached XP level 20. HP: 231/231 MP: 18/33
    22 | D        | Killed a destroyer
    22 | D        | Killed a large bag of meat
    22 | D        | Reached ****** piety under Makhleb
    23 | D        | Reached skill level 10 in Polearms
    23 | D        | Reached skill level 10 in Bows
    23 | D        | Reached skill level 10 in Spellcasting
    23 | D        | Reached skill level 10 in Conjurations
    23 | D        | Reached skill level 10 in Invocations
    23 | D        | Reached XP level 21. HP: 153/239 MP: 18/35
    24 | D        | Reached skill level 10 in Crossbows
    24 | D        | Reached skill level 10 in Armour
    24 | D        | Reached skill level 10 in Shields
    24 | D        | Reached skill level 10 in Hexes
    24 | D        | Reached skill level 10 in Necromancy
    24 | D        | Reached skill level 10 in Translocations
    24 | D        | Reached skill level 10 in Transmutations
    24 | D        | Noticed a large bag of meat
    25 | D        | Reached skill level 10 in Earth Magic
    25 | D        | Reached skill level 10 in Evocations
    26 | D        | Reached skill level 10 in Slings
    26 | D        | Reached XP level 22. HP: 249/249 MP: 19/37
    26 | D        | Killed a destroyer
    26 | D        | Noticed a large bag of meat
    27 | D        | Reached skill level 15 in Summonings
    27 | D        | Reached skill level 10 in Fire Magic
    27 | D        | Reached skill level 10 in Ice Magic
    27 | D        | Reached skill level 10 in Air Magic
    27 | D        | Reached skill level 10 in Poison Magic
    27 | D        | Noticed a destroyer
    28 | D        | Reached skill level 10 in Stealth
    28 | D        | Reached XP level 23. HP: 256/256 MP: 19/40
    29 | D        | Reached skill level 15 in Short Blades
    29 | D        | Reached skill level 15 in Long Blades
    29 | D        | Reached skill level 15 in Maces & Flails
    29 | D        | Reached skill level 15 in Staves
    29 | D        | Reached skill level 15 in Unarmed Combat
    29 | D        | Reached skill level 15 in Invocations
    29 | D        | Noticed a large bag of meat
    30 | D        | Noticed a destroyer
    31 | D        | Reached skill level 15 in Conjurations
    31 | D        | Reached skill level 15 in Translocations
    31 | D        | Reached skill level 15 in Transmutations
    31 | D        | Reached XP level 24. HP: 266/266 MP: 20/41
    32 | D        | Reached skill level 15 in Polearms
    32 | D        | Reached skill level 15 in Spellcasting
    32 | D        | Reached skill level 15 in Hexes
    32 | D        | Reached skill level 15 in Necromancy
    33 | D        | Noticed a destroyer
    34 | D        | Killed a large bag of meat
    35 | D        | Reached skill level 15 in Bows
    35 | D        | Reached skill level 15 in Shields
    35 | D        | Reached skill level 15 in Earth Magic
    35 | D        | Reached skill level 15 in Evocations
    35 | D        | Noticed a destroyer
    35 | D        | Noticed a large bag of meat
    35 | D        | Noticed a destroyer
    35 | D        | Noticed a large bag of meat
    36 | D        | Reached skill level 15 in Crossbows
    36 | D        | Reached skill level 15 in Armour
    36 | D        | Reached XP level 25. HP: 245/274 MP: 21/43
    36 | D        | Killed a destroyer
    36 | D        | Killed a destroyer
    36 | D        | Killed a destroyer
    37 | D        | Reached skill level 15 in Slings
    37 | D        | Reached skill level 15 in Fire Magic
    37 | D        | Reached skill level 15 in Ice Magic
    37 | D        | Reached skill level 15 in Air Magic
    37 | D        | Reached skill level 15 in Poison Magic
    37 | D        | Noticed a destroyer
    37 | D        | Noticed a destroyer
    38 | D        | Reached XP level 26. HP: 284/284 MP: 21/45
    38 | D        | Killed a destroyer
    39 | D        | Reached skill level 15 in Stealth
    40 | D        | Killed a large bag of meat
    41 | D        | Reached XP level 27. HP: 276/292 MP: 22/46
    41 | D        | Killed a destroyer
    41 | D        | Killed a destroyer
    43 | D        | Killed a large bag of meat
    43 | D        | Killed a destroyer
    44 | D        | Noticed a large bag of meat
    46 | D        | Killed a large bag of meat
    47 | D        | Reached skill level 27 in Summonings
    47 | D        | Noticed an accursed
    47 | D        | Noticed a tyrant
    47 | D        | Noticed a tyrant
    48 | D        | Noticed a destroyer
    49 | D        | Noticed a destroyer
    50 | D        | Killed a large bag of meat
    51 | D        | Killed an accursed
    51 | D        | Noticed a destroyer
    52 | D        | Noticed a tyrant
    54 | D        | Reached skill level 27 in Invocations
    54 | D        | Noticed a tyrant
    55 | D        | Killed a destroyer
    57 | D        | Reached skill level 27 in Short Blades
    57 | D        | Reached skill level 27 in Long Blades
    57 | D        | Reached skill level 27 in Staves
    57 | D        | Reached skill level 27 in Unarmed Combat
    57 | D        | Killed a tyrant
    58 | D        | Reached skill level 27 in Maces & Flails
    59 | D        | Reached skill level 27 in Hexes
    59 | D        | Reached skill level 27 in Necromancy
    59 | D        | Reached skill level 27 in Translocations
    59 | D        | Reached skill level 27 in Transmutations
    60 | D        | Killed a large bag of meat
    60 | D        | Killed a tyrant
    61 | D        | Noticed a large bag of meat
    61 | D        | Killed a destroyer
    62 | D        | Reached skill level 27 in Polearms
    62 | D        | Reached skill level 27 in Spellcasting
    62 | D        | Reached skill level 27 in Conjurations
    62 | D        | Killed a tyrant
    63 | D        | Reached skill level 27 in Earth Magic
    63 | D        | Reached skill level 27 in Evocations
    64 | D        | Killed a tyrant
    64 | D        | Killed a destroyer
    65 | D        | Reached skill level 27 in Bows
    65 | D        | Reached skill level 27 in Crossbows
    65 | D        | Reached skill level 27 in Armour
    65 | D        | Reached skill level 27 in Shields
    65 | D        | Reached skill level 27 in Fire Magic
    65 | D        | Reached skill level 27 in Air Magic
    65 | D        | Reached skill level 27 in Poison Magic
    65 | D        | Noticed a tyrant
    65 | D        | Noticed a tyrant
    65 | D        | Noticed a tyrant
    65 | D        | Noticed an accursed
    66 | D        | Reached skill level 27 in Ice Magic
    67 | D        | Reached skill level 27 in Slings
    67 | D        | Reached skill level 27 in Stealth
    67 | D        | Noticed a dread
    68 | D        | Noticed a dread
    70 | D        | Killed a large bag of meat
    70 | D        | Noticed a meat beast
    71 | D        | Killed a meat beast
    72 | D        | Killed a dread
    72 | D        | Noticed an accursed
    75 | D        | Killed a dread
    76 | D        | Killed a tyrant
    77 | D        | Killed an accursed
    78 | D        | Killed a tyrant
    79 | D        | Noticed a meat beast
    81 | D        | Noticed a meat beast
    81 | D        | Killed an accursed
    82 | D        | Killed a tyrant
    84 | D        | Killed a meat beast
    85 | D        | Killed a meat beast
    88 | D        | Noticed a dread
    89 | D        | Noticed a meat beast
    90 | D        | Noticed a meat beast
    91 | D        | Killed a dread
    91 | D        | Killed a meat beast
    91 | D        | Noticed a destroyer
    92 | D        | Killed a meat beast
    93 | D        | Noticed a dread
    93 | D        | Noticed a destroyer
    94 | D        | Killed from afar by a dread

Illustrated notes

Levels and vault maps discovered:
D:        meatsprint

Skill      XL: |  1  2  3  4  5  6  7  8  9 10 11 12 13 14 15 16 17 18 19 20 21 22 23 24 25 26 27 |
---------------+----------------------------------------------------------------------------------+-----
Fighting       | 16 18 20 25 27 | 27.0
Axes           | 16 20 23 27 | 27.0
Throwing       | 13 15 16 20 24 27 | 27.0
Dodging        | 14 16 17 21 25 27 | 27.0
Short Blades   | 6 9 11 12 14 16 17 19 20 27 | 27.0
Long Blades    | 6 10 11 12 14 16 17 19 20 27 | 27.0
Maces & Flails | 6 10 11 12 14 16 17 19 20 27 | 27.0
Polearms       | 5 9 10 11 13 14 16 17 19 27 | 27.0
Staves         | 6 10 11 12 14 16 17 19 20 27 | 27.0
Slings         | 4 7 9 10 11 12 14 15 16 27 | 27.0
Bows           | 5 8 10 11 12 14 15 16 17 27 | 27.0
Crossbows      | 5 8 9 10 12 13 15 16 17 27 | 27.0
Armour         | 5 8 9 10 12 13 15 16 17 27 | 27.0
Shields        | 5 8 9 10 12 13 15 16 17 27 | 27.0
Unarmed Combat | 6 9 11 12 14 16 17 19 20 27 | 27.0
Spellcasting   | 5 9 10 11 13 14 16 18 19 27 | 27.0
Conjurations   | 5 9 10 11 13 15 16 18 19 27 | 27.0
Summonings     | 5 11 13 14 17 19 21 23 24 27 | 27.0
Stealth        | 5 7 8 10 12 13 14 15 27 | 27.0
Hexes          | 7 9 11 13 14 16 18 19 27 | 27.0
Necromancy     | 7 9 11 13 14 16 18 19 27 | 27.0
Translocations | 7 9 11 13 15 16 18 19 27 | 27.0
Transmutations | 7 9 11 13 15 16 18 20 27 | 27.0
Fire Magic     | 6 8 9 11 13 14 16 17 27 | 27.0
Ice Magic      | 6 8 9 11 12 14 15 17 27 | 27.0
Air Magic      | 6 8 9 11 12 14 15 17 27 | 27.0
Earth Magic    | 6 9 10 12 14 15 17 18 27 | 27.0
Poison Magic   | 6 8 9 11 13 14 16 17 27 | 27.0
Invocations    | 8 10 12 14 16 18 19 21 27 | 27.0
Evocations     | 7 9 10 12 14 15 17 18 27 | 27.0

Action                   |  1- 3 |  4- 6 |  7- 9 | 10-12 | 13-15 | 16-18 | 19-21 | 22-24 | 25-27 || total
-------------------------+-------+-------+-------+-------+-------+-------+-------+-------+-------++-------
Melee: Executioner's axe |     1 |       |       |       |     5 |     6 |     6 |    10 |    58 ||    86
 Abil: Rolling Charge    |       |       |       |       |     2 |     2 |     3 |     2 |    23 ||    32
Armor: Leather armour    |       |       |       |       |       |       |       |       |     3 ||     3
Dodge: Dodged            |       |       |       |       |     1 |       |       |       |     4 ||     5

Table legend: (Time is in decaauts)
 A = Elapsed time spent in this place.
 B = Non-inter-level travel time spent in this place.
 C = Inter-level travel time spent in this place.
 D = Time resting spent in this place.
 E = Time spent auto-exploring this place.
 F = Levels seen in this place.
 G = Mean time per level.
                   A        B        C        D        E       F      G
               +--------+--------+--------+--------+--------+-----+--------+
         Total |     78 |     78 |      0 |      0 |      0 |   1 |   78.0 |
       Dungeon |     78 |     78 |      0 |      0 |      0 |   1 |   78.0 |
               +--------+--------+--------+--------+--------+-----+--------+

Top non-repeatable levels by time:
       D: 78 daAuts
